 Dungeon Crawl Stone Soup version 0.28.0-43-g3370ac3207 (webtiles) character file.

Game seed: 6820558530424335668

396 mortz the Magician (level 7, -3/46 HPs)
             Began as a Djinni Fire Elementalist on Mar 20, 2022.
             Slain by Duvessa
             ... wielding a +4 rapier
              (28 damage)
             ... on level 4 of the Dungeon.
             The game lasted 00:22:08 (4929 turns).

mortz the Magician (Djinni Fire Elementalist)       Turns: 4929, Time: 00:22:09

Health: -3/46      AC:  4    Str:  7    XL:     7   Next: 9%
Gold:   84         EV: 12    Int: 18    God:
                   SH:  0    Dex: 14

rFire   + + .      SeeInvis .   l - +0 dagger (drain) {short}
rCold   x . .      Faith    .   (no shield)
rNeg    . . .      Spirit   .   i - +0 leather armour
rPois   ∞          Reflect  .   (no helmet)
rElec   .          Harm     .   (no cloak)
rCorr   .          Rampage  .   u - +0 pair of gloves
Will    .....                   (boots unavailable)
Stlth   ++........              (no amulet)
HPRegen 0.15/turn               (no ring)
MPRegen 0.00/turn               (no ring)

@: flying, studying Long Blades
A: sickness immunity, fire resistance 2, cold vulnerability 1, float, innate
caster, HP casting, extra vitality 1
a: no special abilities


You were on level 4 of the Dungeon.
You visited 1 branch of the dungeon, and saw 4 of its levels.

You collected 144 gold pieces.
You spent 60 gold pieces at shops.


Innate Abilities, Weirdness & Mutations

You are immune to sickness and miasma.
You are immune to poison.
Your flesh is very heat resistant. (rF++)
You are vulnerable to cold. (rC-)
You float through the air rather than walking.
You learn spells naturally, not from books.
Your magical power is your life essence.
You have superior vitality. (+4 MHP)


   Skills:
 + Level 0.4 Fighting
 + Level 0.1 Staves
 + Level 2.7 Armour
 + Level 2.8 Dodging
 + Level 2.2 Stealth
 + Level 4.8 Spellcasting


You couldn't memorise any spells.
You knew the following spells:

 Your Spells              Type           Power      Damage    Failure   Level
a - Foxfire               Conj/Fire      84%        2x1d8     2%          1
b - Scorch                Fire           42%        2d7       4%          2
c - Conjure Flame         Conj/Fire      21%        6-21      9%          3
d - Inner Flame           Hex/Fire       21%        N/A       9%          3
e - Flame Wave            Conj/Fire      21%        2d7       26%         4
f - Apportation           Tloc           42%        N/A       2%          1
g - Poisonous Vapours     Pois/Air       42%        N/A       4%          2
h - Call Canine Familiar  Summ           21%        N/A       9%          3
Your spell library was empty.

Inventory:

Hand Weapons
 l - a +0 dagger of draining (weapon) {short}
   (You took it off a kobold on level 1 of the Dungeon)
 q - a +0 short sword {short}
   (You took it off a kobold on level 2 of the Dungeon)
Missiles
 c - 3 poisoned darts {throwing}
 d - 63 stones {throwing}
 p - 3 boomerangs {throwing}
Armour
 a - a +0 robe
 g - a +0 ring mail
   (You found it on level 1 of the Dungeon)
 i - a +0 leather armour (worn)
   (You found it on level 1 of the Dungeon)
 u - a +0 pair of gloves (worn)
   (You found it on level 3 of the Dungeon)
Magical Staves
 b - a staff of earth {!astaff}
   (You found it on level 1 of the Dungeon)
Jewellery
 j - a ring of ice
   (You found it on level 1 of the Dungeon)
 o - an amulet of magic regeneration {@e2}
   (You found it on level 2 of the Dungeon)
Wands
 e - a wand of iceblast (5)
   (You found it on level 3 of the Dungeon)
Scrolls
 m - a scroll of magic mapping {!r}
 s - a scroll of enchant weapon {unknown}
 w - a scroll of blinking {unknown}
 x - a scroll of brand weapon {unknown}
 y - a scroll of fog {unknown}
Potions
 f - a potion of might {unknown}
 h - a potion of curing {unknown}
 k - a potion of heal wounds {@q2}
 n - a potion of brilliance {unknown}
 r - 3 potions of degeneration {unknown}
 t - a potion of resistance {unknown}
 v - 2 potions of lignification {unknown}

Dungeon Overview and Level Annotations

Branches:
Dungeon (4/15)
 Temple: D:4-7

Altars:
Nemelex Xobeh
Uskayaw

Shops:
D:2 ?

Annotations:
D:4 Duvessa

#......................
###.....<.............h
###.....................
........)......##.....#
...............##.?...#
...#.........####.....#
#.##.........# #####.###.#
#.#........#####..#h.....#
................@eS......#
............##.###.......#
#.....#........# #..........
...[.#####.....###........##
..#<.#####....##..........#
.....##.#.....##....####..# ##
...............#.#..# #..####...
.........####....##.####.....#...
..........###....##..#...........


You could see Duvessa (berserk), a hound and a ball python.


Message History

The bullfrog skeleton is burned terribly!
You destroy the bullfrog skeleton!
You have reached level 7!
The power to cast Call Canine Familiar wells up from within.
Spell assigned to 'h'. 😕 HP[+2]
You now have 46 max hp (+5).
You regained 2 hp, and now have 36/46 hp.
A howler monkey skeleton comes into view. 😎 HP[+10]
Your hp is fully restored (46).
Casting: Foxfire (safe; 2% risk of failure)
Press: ? - help, Q - select action, (/) - cycle Dir - look around, f - activate You conjure some foxfire! 😕 HP[-1]
You take 1 damage, and now have 45/46 hp.
Casting: Foxfire (safe; 2% risk of failure)
Press: ? - help, Q - select action, (/) - cycle Dir - look around, f - activate You conjure some foxfire!
The foxfire hits the howler monkey skeleton. 😕 HP[-1]
You take 1 damage, and now have 44/46 hp.
The foxfire hits the howler monkey skeleton. x3
Casting: Foxfire (safe; 2% risk of failure)
Press: ? - help, Q - select action, (/) - cycle Dir - look around, f - activate You conjure some foxfire!
The foxfire hits the howler monkey skeleton.
The foxfire hits the howler monkey skeleton!
You destroy the howler monkey skeleton!
Things that are here:
a +0 dagger {short}; a +0 robe; 😎 HP[+2]
Your hp is fully restored (46).
A hobgoblin comes into view.
Casting: Foxfire (safe; 2% risk of failure)
Confirm with . or Enter, or press ? or * to list all spells.
Flames lash the hobgoblin.
You kill the hobgoblin! 😕 HP[-2]
You take 2 damage, and now have 44/46 hp.
You see here a hobgoblin corpse.
Duvessa and a ball python come into view.
Duvessa goes berserk!
The ball python moves out of view.
You hear an angry hiss. 😎 HP[+2]
Your hp is fully restored (46).
Casting: Foxfire (safe; 2% risk of failure)
Press: ? - help, Q - select action, (/) - cycle Dir - look around, f - activate You conjure some foxfire!
You hear a shout! 😕 HP[-1]
You take 1 damage, and now have 45/46 hp.
Casting: Foxfire (safe; 2% risk of failure)
Confirm with . or Enter, or press ? or * to list all spells.
You can't see any susceptible monsters within range! (Use Z to cast anyway.) Unknown command.
Casting: Foxfire (safe; 2% risk of failure)
Press: ? - help, Q - select action, (/) - cycle Dir - look around, f - activate You conjure some foxfire!
The foxfire hits Duvessa but does no damage. x2
You hear a bark!
Casting: Foxfire (safe; 2% risk of failure)
Confirm with . or Enter, or press ? or * to list all spells.
Flames lash Duvessa.
Duvessa's fire resistance burns away.
The foxfire hits Duvessa but does no damage.
The foxfire hits Duvessa!
Duvessa is burned terribly!
Duvessa rages.
Duvessa closely misses you. 😕 HP[-2]
You take 2 damage, and now have 43/46 hp.
Casting: Scorch (safe; 4% risk of failure)
Confirm with . or Enter, or press ? or * to list all spells.
Flames lash Duvessa but do no damage.
A hound comes into view.
Duvessa barely misses you. 😕 HP[-2]
You take 2 damage, and now have 41/46 hp.
Casting: Scorch (safe; 4% risk of failure)
Confirm with . or Enter, or press ? or * to list all spells.
Flames lash Duvessa but do no damage.
Duvessa barely misses you.
Duvessa hits you with a +4 rapier! 😮 HP[-15]
You take 15 damage, and now have 26/46 hp.
MASSIVE DAMAGE!! (PAUSE) Duvessa is no longer more vulnerable to fire.
You see here a hobgoblin corpse.
Duvessa hits you with a +4 rapier.
* * * LOW HITPOINT WARNING * * *
😨 HP[-4]
You take 4 damage, and now have 22/46 hp. 😨 HP[+1] Duvessa rages.
Duvessa hits you with a +4 rapier!!
* * * LOW HITPOINT WARNING * * *
😱 HP[-20]
You take 20 damage, and now have 3/46 hp.
MASSIVE DAMAGE!! (PAUSE)
You feel much better. Duvessa hits you with a +4 rapier!!
Ouch! That really hurt!
You die...

Skill      XL: |  1  2  3  4  5  6 |
---------------+-------------------+-----
Spellcasting   | 3 4 |  4.8
Stealth        | 2 |  2.2
Armour         | 1 2 |  2.7
Fighting       | |  0.4
Staves         | |  0.1
Dodging        | |  2.8

Action                   |  1- 3 |  4- 6 |  7- 9 || total
-------------------------+-------+-------+-------++-------
Melee: Staff             |     9 |       |       ||     9
       Dagger            |     2 |    17 |       ||    19
 Cast: Foxfire           |    40 |    56 |     5 ||   101
       Scorch            |     9 |    26 |     4 ||    39
  Use: Scroll            |       |     2 |       ||     2
       Potion            |       |       |     1 ||     1
Armor: Robe              |     2 |       |       ||     2
       Leather armour    |     1 |     6 |       ||     7
Dodge: Dodged            |    15 |    14 |     3 ||    32

Levels and vault maps discovered:
D:1:      minmay_arrival_four_houses, layout_loops_corners
D:2:      layout_loops_ring, serial_shops, nicolae_shop_advertising_works
          [nicolae_subvault_shop_adworks], basic_altar,
          kennysheep_cluttered_room, uniq_terence
D:3:      wad_river_or_something, layout_basic, lemuel_tele_altar,
          nicolae_uskayaw_murder_on_the_dancefloor
D:4:      layout_cave_pools, gammafunk_temple_overflow_statue,
          lightli_corner_chamber, uniq_sigmund, uniq_edmund, uniq_duvessa,
          uniq_natasha

Notes
Turn   | Place    | Note
-------+----------+-------------------------------------------
     0 | D:1      | mortz the Djinni Fire Elementalist began the quest for the
                  | Orb.
     0 | D:1      | Reached XP level 1. HP: 15/15 MP: 0/0
     0 | D:1      | magus.rc [v1.9.6]
   192 | D:1      | You are sucked into a shaft and drop 1 floor!
   405 | D:1      | Reached XP level 2. HP: 18/21 MP: 0/0
   741 | D:1      | Reached skill level 3 in Spellcasting
   969 | D:1      | Reached XP level 3. HP: 23/25 MP: 0/0
   969 | D:1      | Learned a level 1 spell: Apportation
  1716 | D:2      | Found a hide-covered altar of Uskayaw.
  1732 | D:2      | Noticed an ogre
  1741 | D:2      | Killed an ogre
  1742 | D:2      | Reached skill level 2 in Stealth
  1742 | D:2      | Reached XP level 4. HP: 7/31 MP: 0/0
  1742 | D:2      | Reached XP level 5. HP: 8/35 MP: 0/0
  1742 | D:2      | Learned a level 2 spell: Poisonous Vapours
  2037 | D:2      | Noticed Terence
  2044 | D:2      | Killed Terence
  2045 | D:2      | Reached skill level 4 in Spellcasting
  2293 | D:2      | Found Viruewih's Magic Scroll Emporium.
  2301 | D:2      | Bought a scroll of identify for 22 gold pieces
  2302 | D:2      | Bought a scroll of magic mapping for 38 gold pieces
  2608 | D:2      | Reached skill level 1 in Armour
  3064 | D:3      | Reached XP level 6. HP: 39/41 MP: 0/0
  3551 | D:3      | Found a hide-covered altar of Uskayaw.
  3639 | D:3      | Found a sparkling altar of Nemelex Xobeh.
  4070 | D:4      | Noticed Dowan
  4072 | D:4      | Noticed Duvessa
  4420 | D:4      | Killed Dowan
  4421 | D:4      | Reached skill level 2 in Armour
  4805 | D:4      | Reached XP level 7. HP: 36/46 MP: 0/0
  4805 | D:4      | Learned a level 3 spell: Call Canine Familiar
  4928 | D:4      | HP: 3/46 [Duvessa/+4 rapier (20)]
  4929 | D:4      | Slain by Duvessa

Vanquished Creatures
  An ogre (D:2)
  Dowan (D:4)
  A jelly (D:4)
  A bullfrog skeleton (D:4)
  2 iguanas (D:4)
  Terence (D:2)
  3 adders
  A howler monkey skeleton (D:4)
  4 worms
  2 dart slugs
  An orc (D:4)
  6 endoplasms
  2 giant cockroaches (D:1)
  8 goblins
  9 hobgoblins
  4 jackals (D:1)
  8 kobolds
  4 quokkas
  8 ball pythons
  6 bats
  3 frilled lizards
  4 rats
80 creatures vanquished.

Vanquished Creatures (collateral kills)
  A foxfire (D:1)
1 creature vanquished.

Vanquished Creatures (others)
  159 foxfires
159 creatures vanquished.

Grand Total: 240 creatures vanquished

Table legend:
 A = Non-vault XP
 B = Vault XP
 C = Vault XP percentage of total XP
 D = Non-vault monster count
 E = Vault monster count
 F = Vault count percentage of total count
                 A         B        C        D         E       F
            +---------+---------+-------+---------+---------+-------
      Total |     440 |     127 |  22.4 |      69 |      11 |  13.8
            +---------+---------+-------+---------+---------+-------
        D:1 |      57 |       0 |   0.0 |      31 |       0 |   0.0
        D:2 |     173 |      36 |  17.2 |      21 |       1 |   4.5
        D:3 |      24 |      22 |  47.8 |       8 |       9 |  52.9
        D:4 |     186 |      69 |  27.1 |       9 |       1 |  10.0
            +---------+---------+-------+---------+---------+-------

Illustrated notes

Table legend:
 A = Kills in this place as a percentage of kills in entire the game.
 B = Kills by you in this place as a percentage of kills by you in the entire game.
 C = Kills by friends in this place as a percentage of kills by friends in the entire game.
 D = Other kills in this place as a percentage of other kills in the entire game.
 E = Experience gained in this place as a percentage of experience gained in the entire game.
 F = Experience gained in this place divided by the number of levels of this place that you have seen.
                   A       B       C       D       E      F
               +-------+-------+-------+-------+-------+----------------------
         Total | 100.0 | 100.0 |   N/A |   N/A | 100.0 | 141.8
       Dungeon | 100.0 | 100.0 |   N/A |   N/A | 100.0 | 141.8
               +-------+-------+-------+-------+-------+----------------------

Table legend: (Time is in decaauts)
 A = Elapsed time spent in this place.
 B = Non-inter-level travel time spent in this place.
 C = Inter-level travel time spent in this place.
 D = Time resting spent in this place.
 E = Time spent auto-exploring this place.
 F = Levels seen in this place.
 G = Mean time per level.
                   A        B        C        D        E       F      G
               +--------+--------+--------+--------+--------+-----+--------+
         Total |   4933 |   4828 |    105 |   1080 |   3163 |   4 | 1233.2 |
       Dungeon |   4933 |   4828 |    105 |   1080 |   3163 |   4 | 1233.2 |
               +--------+--------+--------+--------+--------+-----+--------+

Top non-repeatable levels by time:
     D:1: 1830 daAuts
     D:3: 1347 daAuts
     D:2: 1197 daAuts
     D:4: 556 daAuts
